 Dungeon Crawl Stone Soup version 0.29-a0-1009-g60c99734e7 (webtiles) character file.

Game seed: 16174019647570322480

62961 porpoise the Fighter (level 14, -7/113 HPs)
             Began as a Purple Draconian Transmuter on Aug 9, 2022.
             Was a High Priest of Hepliaklqana.
             Mangled by a four-headed hydra (8 damage)
             ... on level 13 of the Dungeon.
             The game lasted 01:26:04 (22738 turns).

porpoise the Fighter (Purple Draconian Transmuter) Turns: 22738, Time: 01:26:05

Health: -7/113     AC: 10    Str: 13    XL:     14   Next: 66%
Magic:  20/21      EV: 23    Int: 15    God:    Hepliaklqana [*****.]
Gold:   686        SH:  5    Dex: 15    Spells: 6/23 levels left

rFire   . . .      SeeInvis .   a - +9 scimitar "Noeriph" {flame, rPois}
rCold   . . .      Faith    .   C - +0 buckler
rNeg    . . .      Spirit   .   (body armour unavailable)
rPois   +          Reflect  .   (helmet currently unavailable)
rElec   .          Harm     .   g - +0 cloak
rCorr   .          Rampage  .   y - +0 pair of gloves
Will    ++...                   (boots currently unavailable)
Stlth   +.........              (no amulet)
HPRegen 0.28/turn               j - +4 ring of evasion
MPRegen 0.17/turn               J - +4 ring of evasion

@: appendages, wereblooded
A: horns 2, talons 2, reduced essence, breathe power, AC +8, unfitting armour,
cold-blooded
a: Breathe Dispelling Energy, End Transformation, Renounce Religion, Recall
Ancestor, Ancestor Identity, Transference, Idealise


You were on level 13 of the Dungeon.
You worshipped Hepliaklqana.
Hepliaklqana was extremely pleased with you.
You had temporarily grown beastly horns and talons.
You visited 3 branches of the dungeon, and saw 19 of its levels.
You also visited: Ossuary.

You collected 1197 gold pieces.
You spent 511 gold pieces at shops.

Inventory:

Hand Weapons
 a - the +9 scimitar "Noeriph" (weapon) {flame, rPois}
   (You found it on level 3 of the Dungeon)

   It burns those it strikes, dealing additional fire damage.
   Big, fiery blades are also staple armaments of hydra-hunters.
   rPois:     It protects you from poison.
 b - a +0 sling
 w - the +10 long sword of the Endless Expanse {speed, Will+ Int+4}
   (You found it on level 5 of the Lair of Beasts)

   Attacks with this weapon are significantly faster.
   Int:       It affects your intelligence (+4).
   Will:      It increases your willpower.
Missiles
 h - 18 curare-tipped darts
 k - 2 throwing nets
Armour
 d - a +2 hat of willpower (melded)
 g - a +0 cloak (worn)
 y - a +0 pair of gloves (worn)
 C - a +0 buckler (worn)
 H - a +0 pair of boots (melded)
Jewellery
 j - a +4 ring of evasion (left hand)
 q - a ring of ice
 s - a ring of protection from fire
 J - a +4 ring of evasion (right hand)
Wands
 m - a wand of paralysis (18)
 o - a wand of iceblast (3)
 r - a wand of flame (44)
 x - a wand of quicksilver (10)
 B - a wand of polymorph (20)
 G - a wand of mindburst (6)
Scrolls
 i - 5 scrolls of vulnerability
 v - 10 scrolls of teleportation
 A - 2 scrolls of magic mapping
 E - 2 scrolls of identify
 I - a scroll of torment
 K - 4 scrolls of poison
 N - 5 scrolls of butterflies
Potions
 c - 6 potions of lignification
 e - 7 potions of curing
 f - 3 potions of invisibility
 l - a potion of resistance
 n - a potion of mutation
 p - a potion of haste
 t - 5 potions of heal wounds
 u - 2 potions of ambrosia
 z - 2 potions of berserk rage
 F - 4 potions of attraction
 L - a potion of might
 M - a potion of brilliance
Miscellaneous
 D - a box of beasts


   Skills:
 - Level 12.0 Fighting
 - Level 8.0 Long Blades
 - Level 7.0 Dodging
 - Level 4.5 Shields
 - Level 12.0 Unarmed Combat
 - Level 5.0 Spellcasting
 - Level 5.0 Conjurations
 + Level 1.2 Hexes
 + Level 9.1 Transmutations
 - Level 9.0 Ice Magic
 + Level 6.1 Invocations
 - Level 9.0 Evocations


You had 6 spell levels left.
You knew the following spells:

 Your Spells              Type           Power      Damage    Failure   Level
a - Beastly Appendage     Tmut           62%        N/A       1%          1
c - Ice Form              Ice/Tmut       30%        N/A       4%          4
r - Irradiate             Conj/Tmut      12%        3d15      32%         5
w - Wereblood             Tmut           31%        N/A       1%          2
y - Yara's Violent Unrav  Hex/Tmut       9%         3d6       56%         5

Your spell library contained the following spells:

 Spells                   Type           Power      Damage    Failure   Level
 Frozen Ramparts          Ice            60%        1d10      1%          3
 Spider Form              Tmut/Pois      17%        N/A       10%         3
 Blade Hands              Tmut           15%        N/A       14%         5
 Ignite Poison            Fire/Tmut/Pois 12%        N/A       19%         3
 Apportation              Tloc           6%         N/A       21%         1
 Necrotise                Necr           12%        1d4       21%         1
 Summon Small Mammal      Summ           12%        N/A       21%         1
 Poisonous Vapours        Pois/Air       6%         N/A       30%         2
 Sublimation of Blood     Necr           3%         N/A       30%         2
 Mephitic Cloud           Conj/Pois/Air  8%         N/A       32%         3
 Petrify                  Tmut/Erth      17%        N/A       32%         4
 Summon Ice Beast         Ice/Summ       17%        N/A       32%         4
 Confusing Touch          Hex            7%         N/A       36%         3
 Tukima's Dance           Hex            7%         N/A       36%         3
 Freezing Cloud           Conj/Ice/Air   8%         6-21      65%         5
 Cause Fear               Hex            3%         N/A       77%         4
 Corpse Rot               Necr/Pois/Air  3%         N/A       90%         4
 Dispel Undead            Necr           3%         3d7       90%         4
 Passage of Golubria      Tloc           3%         N/A       90%         4
 Iron Shot                Conj/Erth      5%         9d2       100%        6
 Dragon Form              Tmut           15%        N/A       99%         7
 Enfeeble                 Hex            3%         N/A       100%        7
 Death's Door             Necr           1%         N/A       100%        9
 Dragon's Call            Summ           1%         N/A       100%        9
 Animate Armour           Summ/Erth      Unusable   N/A       N/A         4

Dungeon Overview and Level Annotations

Branches:
Dungeon (13/15)            Temple (1/1) D:4            Lair (5/5) D:9
  Swamp (0/4) Lair:2       Spider (0/4) Lair:2        Slime (0/5) Lair:4
    Orc (0/2) D:9         Ossuary (visited)
 Vaults: D:13-14

Altars:
Ashenzari
Cheibriados
Dithmenos
Elyvilon
Fedhas
Gozag
Hepliaklqana
Kikubaaqudgha
Makhleb
Nemelex Xobeh
Okawaru
Qazlal
Ru
Sif Muna
Trog
Uskayaw
Vehumet
Wu Jian
Xom
Yredelemnul
Zin
The Shining One
Jiyva
Lugonu

Shops:
D:2 !   D:6 ?[*=   D:8 :*   D:12 *

Portals:
Abyss: Lair:5

Annotations:
D:7 1 transporter, nicolae's ghost, novice OpTm
D:11 2 transporters, gdog's ghost, journeyman GnDe
Lair:3 2 transporters, Memioteh's ghost, journeyman DsMo


Innate Abilities, Weirdness & Mutations

You have temporarily grown beastly horns and talons.
Your life essence is reduced to manifest your ancestor. (-10% HP)
You can breathe bolts of dispelling energy.
Your rich purple scales are hard. (AC +8)
You cannot fit into any form of body armour.
You are cold-blooded and may be slowed by cold attacks.


Message History

Your headbutt misses the tengu warrior.
The tengu warrior is moderately wounded.
The tengu warrior hits you with a +0 battleaxe!!
* * * LOW HITPOINT WARNING * * *
The tengu warrior misses you. The tengu warrior barely misses you.
You miss the tengu warrior. You claw the tengu warrior.
Your tail-slap misses the tengu warrior.
The tengu warrior is moderately wounded.
The tengu warrior hits you with a +0 battleaxe!
* * * LOW HITPOINT WARNING * * *
The tengu warrior pecks you.
* * * LOW HITPOINT WARNING * * *
The tengu warrior barely misses you.
You feel much better. The tengu warrior barely misses you.
The tengu warrior pecks you but does no damage.
The tengu warrior completely misses you.
You slash the tengu warrior! You burn the tengu warrior.
You claw the tengu warrior, but do no damage.
The tengu warrior is heavily wounded.
You howl as the wereblood boils in your veins!
The tengu warrior hits you with a +0 battleaxe!
* * * LOW HITPOINT WARNING * * *
The tengu warrior barely misses you.
The tengu warrior claws you but does no damage.
The four-headed hydra barely misses you.
The four-headed hydra bites you!
* * * LOW HITPOINT WARNING * * *
The four-headed hydra bites you but does no damage.
The four-headed hydra completely misses you.
As you read the scroll of butterflies, it crumbles to dust.
You hear the tinkle of a tiny bell.
The tengu warrior barely misses you.
The tengu warrior closely misses your butterfly.
The tengu warrior misses your butterfly.
The tengu warrior pecks you.
* * * LOW HITPOINT WARNING * * *
The tengu warrior claws you but does no damage.
The four-headed hydra bites you.
* * * LOW HITPOINT WARNING * * *
The four-headed hydra bites you!
You die...

.......###.## ...
........##..###.##.
...................
......#...##......#
....###..###.....##
.................#
...........b.b...#
........#bb.bb...#
........#..@.....#
.....#...bDQ.b...#
.....##..bb.b../.#
..... #..........#
.... ........#...#
... .........#...#
.............#
.......... ..#


You could see a four-headed hydra (ally target) and a tengu warrior (ally
target).

Vanquished Creatures
  6 hydras
  A boulder beetle (D:10)
  A two-headed ogre (D:11)
  3 death yaks (D:9)
  The ghost of drugrobin the Cleaver, a novice DgFi (Lair:1)
  4 thrashing horrors (Lair:5)
  A lindwurm (Lair:3)
  An ugly thing (D:12)
  A deep elf pyromancer (D:12)
  4 black mambas
  7 elephants (Lair:5)
  A smoke demon (Lair:5)
  10 cane toads
  2 komodo dragons
  5 rime drakes
  3 trolls
  2 hornets
  Prince Ribbit (D:7)
  2 polar bears
  Grinder (D:3)
  7 blink frogs
  4 dream sheep (Lair:5)
  Sigmund (D:3)
  4 shadows
  58 yaks
  A ynoxinul (Lair:5)
  A large abomination (Lair:5)
  2 wyverns
  8 basilisks
  A chaos spawn (Lair:5)
  2 redbacks (Lair:2)
  Menkaure (D:7)
  Edmund (D:6)
  4 swamp worms (Lair:2)
  Duvessa (D:5)
  An acid dragon (D:8)
  7 water moccasins
  2 orc warriors
  2 ice beasts
  A sky beast (D:7)
  7 small abominations (Lair:5)
  A black mamba simulacrum (Lair:1)
  3 black bears
  An ogre (D:6)
  2 centaurs
  4 wolves (Lair:1)
  3 phantoms
  3 kobold brigands
  7 bullfrogs
  2 elf zombies (Ossuary)
  3 gnoll sergeants
  3 scorpions
  2 necrophages
  A cane toad simulacrum (Lair:1)
  Dowan (D:5)
  A troll zombie (D:9)
  3 killer bees (D:9)
  An electric eel (Lair:2)
  4 howler monkeys
  2 komodo dragon simulacra (Lair:1)
  2 centaur zombies (Ossuary)
  5 hounds
  4 orc priests
  2 gnoll boudas
  4 jellies
  Crazy Yiuf (D:3)
  2 human zombies (Ossuary)
  Ijyb (D:3)
  3 iguanas
  9 orc wizards
  A hell rat (D:9)
  5 ogre zombies (D:9)
  A bullfrog simulacrum (Lair:1)
  2 mummies (Ossuary)
  20 gnolls
  8 adders
  2 river rats (D:9)
  2 white imps (D:8)
  3 ufetubi (D:5)
  3 dart slugs
  27 orcs
  10 endoplasms
  3 giant cockroaches
  16 goblins
  8 hobgoblins
  16 jackals
  7 quokkas
  7 ball pythons
  7 bats
  3 frilled lizards
  2 goblin skeletons (D:9)
  4 goblin zombies
  2 hobgoblin skeletons (D:9)
  12 hobgoblin zombies
  A jackal zombie (Ossuary)
  17 kobolds
  10 kobold zombies (Ossuary)
  2 orc skeletons (D:9)
  16 orc zombies
  5 rats
475 creatures vanquished.

Vanquished Creatures (collateral kills)
  3 hydras
  A boulder beetle (Lair:3)
  Fannar (D:11)
  A catoblepas (Lair:5)
  2 ugly things
  2 elephants (Lair:5)
  A cane toad (Lair:5)
  An unseen horror (D:13)
  3 komodo dragons
  An ancient zyme (Lair:5)
  A polar bear (Lair:3)
  A troll (D:12)
  A dream sheep (Lair:5)
  7 blink frogs
  A jumping spider (shapeshifter) (Lair:5)
  7 yaks
  A spriggan (Lair:5)
  A basilisk (shapeshifter) (Lair:5)
  A ynoxinul (Lair:5)
  7 basilisks (Lair:5)
  A redback (Lair:2)
  3 small abominations (Lair:5)
  4 water moccasins (Lair:5)
  A black mamba simulacrum (Lair:1)
  A bullfrog (Lair:2)
  A water moccasin simulacrum (Lair:1)
  2 gnolls (D:12)
  2 endoplasms (Lair:4)
  A kobold (D:11)
60 creatures vanquished.

Vanquished Creatures (others)
  A polar bear (Lair:4)
  8 battlemagi
  An ancestor (Lair:2)
  4 fungi
  20 plants
34 creatures vanquished.

Grand Total: 569 creatures vanquished

Notes
Turn   | Place    | Note
-------+----------+-------------------------------------------
     0 | D:1      | porpoise the Draconian Transmuter began the quest for the
                  | Orb.
     0 | D:1      | Reached XP level 1. HP: 16/16 MP: 3/3
   286 | D:1      | Reached XP level 2. HP: 18/24 MP: 3/5
   696 | D:1      | Learned a level 2 spell: Wereblood
   739 | D:1      | Reached XP level 3. HP: 29/30 MP: 4/6
  1153 | D:2      | Found a blossoming altar of Fedhas.
  1366 | D:2      | Reached XP level 4. HP: 28/38 MP: 7/7
  1579 | D:2      | Found Plog's Distillery.
  1591 | D:2      | Bought a potion of curing for 33 gold pieces
  1591 | D:2      | Bought a potion of degeneration for 11 gold pieces
  1989 | D:3      | Noticed Ijyb
  1999 | D:3      | Paralysed by Ijyb for 2 turns
  2001 | D:3      | Killed Ijyb
  2002 | D:3      | Reached XP level 5. HP: 43/46 MP: 5/8
  2039 | D:3      | Identified the +9 scimitar "Noeriph" {flame, rPois}
  2096 | D:3      | Noticed Grinder
  2106 | D:3      | Paralysed by Grinder for 4 turns
  2115 | D:3      | Killed Grinder
  2116 | D:3      | Reached XP level 6. HP: 31/53 MP: 9/9
  2416 | D:3      | Found a runed translucent door.
  2417 | D:3      | Noticed Crazy Yiuf
  2423 | D:3      | Killed Crazy Yiuf
  2597 | D:3      | Noticed Sigmund
  2611 | D:3      | Killed Sigmund
  2612 | D:3      | Reached skill level 5 in Fighting
  2612 | D:3      | Your scales start taking on a rich purple colour.
  2612 | D:3      | Reached XP level 7. HP: 46/61 MP: 10/10
  2690 | D:3      | Learned a level 4 spell: Ice Form
  2868 | D:4      | Reached skill level 5 in Transmutations
  3071 | D:4      | Found a shimmering altar of Xom.
  3306 | D:4      | Found a staircase to the Ecumenical Temple.
  3311 | Temple   | Entered the Ecumenical Temple
  3585 | D:4      | Found an iron altar of Okawaru.
  3644 | D:5      | Entered Level 5 of the Dungeon
  3647 | D:5      | Noticed Duvessa
  3651 | D:5      | Noticed Dowan
  3657 | D:5      | Killed Duvessa
  3658 | D:5      | Reached skill level 5 in Long Blades
  3662 | D:5      | Killed Dowan
  3846 | D:5      | Found a glowing golden altar of the Shining One.
  4003 | D:5      | Reached XP level 8. HP: 70/70 MP: 9/11
  4644 | D:6      | Noticed Edmund
  4646 | D:6      | Found Qejaud's Magic Scroll Shoppe.
  4785 | D:6      | Killed Edmund
  4791 | D:6      | Bought a scroll of amnesia for 44 gold pieces
  4791 | D:6      | Bought a scroll of magic mapping for 82 gold pieces
  4791 | D:6      | Bought a scroll of poison for 44 gold pieces
  5033 | D:6      | Found Puburch's Antique Armour Shop.
  5186 | D:6      | Found Motwoege's General Store.
  5190 | D:6      | Bought a potion of heal wounds for 70 gold pieces
  5238 | D:6      | Found Ewnim's Jewellery Emporium.
  5582 | D:6      | Found a shimmering blue altar of Sif Muna.
  5658 | D:7      | Noticed Menkaure
  5665 | D:7      | Reached XP level 9. HP: 65/79 MP: 12/12
  5689 | D:7      | Killed Menkaure
  5791 | D:7      | Found a basalt altar of Yredelemnul.
  5827 | D:7      | Found a sand-covered staircase.
  5835 | Ossuary  | Entered an ossuary
  6083 | Ossuary  | Reached skill level 5 in Spellcasting
  6249 | D:7      | Reached skill level 1 in Ice Magic
  6432 | D:7      | Found an ancient bone altar of Kikubaaqudgha.
  6738 | D:7      | Found a transporter.
  6744 | D:7      | Identified the ring of Trepidation {Fire *Slow Int+5}
  6746 | D:7      | Identified the +1 ring mail of Negation {rPois rF+++ Dex-3
                  | Stlth+}
  6748 | D:7      | Noticed nicolae's ghost (novice OpTm)
  6820 | D:7      | Found a transporter.
  6893 | D:7      | HP: 3/81 [gnoll sergeant/+2 spear of venom (4)]
  7402 | D:7      | Noticed Prince Ribbit
  7412 | D:7      | Killed Prince Ribbit
  7413 | D:7      | Reached XP level 10. HP: 82/88 MP: 17/17
  7443 | D:7      | Learned a level 5 spell: Irradiate
  7638 | D:8      | Found Qulef's Serpentskin Sales.
  7657 | D:8      | Found Qaruscho's Book Boutique.
  8052 | D:8      | Found a sparkling altar of Nemelex Xobeh.
  8066 | D:8      | Found a glowing silver altar of Zin.
  8066 | D:8      | Found an opulent altar of Gozag.
  8662 | D:9      | Found a burning altar of Makhleb.
  8807 | D:9      | Reached skill level 5 in Dodging
  8807 | D:9      | Reached skill level 5 in Ice Magic
  8918 | D:9      | Noticed a death yak
  8929 | D:9      | Noticed a death yak
  8931 | D:9      | Noticed a death yak
  8933 | D:9      | Killed a death yak
  8943 | D:9      | Killed a death yak
  9018 | D:9      | Killed a death yak
  9019 | D:9      | Reached XP level 11. HP: 47/97 MP: 16/18
  9438 | D:9      | Found a staircase to the Lair.
  9877 | D:9      | Found a staircase to the Orcish Mines.
 10531 | D:10     | Entered Level 10 of the Dungeon
 10710 | D:10     | Found a transporter.
 10710 | D:10     | Noticed a boulder beetle
 10711 | D:10     | Found a transporter.
 10748 | D:10     | Killed a boulder beetle
 10749 | D:10     | Reached skill level 5 in Evocations
 10829 | D:10     | Found a radiant altar of Vehumet.
 11365 | D:10     | Found a hazy altar of Hepliaklqana.
 11567 | D:10     | Became a worshipper of Hepliaklqana the Forgotten
 11719 | D:11     | Noticed Fannar
 12076 | Lair:1   | Entered Level 1 of the Lair of Beasts
 12088 | Lair:1   | Found a runed translucent gate.
 12088 | Lair:1   | Found a runed translucent gate.
 12088 | Lair:1   | Found a runed translucent gate.
 12093 | Lair:1   | Noticed drugrobin's ghost (novice DgFi)
 12251 | Lair:1   | Reached skill level 5 in Invocations
 12251 | Lair:1   | Reached XP level 12. HP: 104/104 MP: 19/19
 12463 | Lair:1   | Reached * piety under Hepliaklqana
 13571 | D:6      | Bought a runed hat for 203 gold pieces
 14022 | Lair:2   | Noticed a four-headed hydra
 14028 | Lair:2   | Killed a one-headed hydra
 14188 | Lair:2   | Reached ** piety under Hepliaklqana
 14189 | Lair:2   | Remembered your ancestor Nikki as a battlemage
 14203 | Lair:2   | Learned a level 5 spell: Yara's Violent Unravelling
 14217 | Lair:2   | Reached XP level 13. HP: 99/99 MP: 17/20
 14265 | Lair:2   | Reached skill level 10 in Fighting
 15263 | Lair:2   | Found a staircase to the Swamp.
 15311 | Lair:2   | Found a hole to the Spider Nest.
 15855 | Lair:3   | Found a transporter.
 15859 | Lair:3   | Found a transporter.
 15859 | Lair:3   | Noticed Memioteh's ghost (journeyman DsMo)
 16098 | Lair:3   | Reached *** piety under Hepliaklqana
 16991 | Lair:4   | You fall into a shaft and drop 1 floor!
 16991 | Lair:5   | Entered Level 5 of the Lair of Beasts
 17251 | Lair:4   | Reached **** piety under Hepliaklqana
 17252 | Lair:4   | Found a viscous altar of Jiyva.
 17254 | Lair:4   | Found a staircase to the Slime Pits.
 17863 | Lair:5   | Reached skill level 10 in Unarmed Combat
 18483 | Lair:5   | Reached XP level 14. HP: 37/113 MP: 21/21
 19099 | Lair:5   | Reached skill level 1 in Conjurations
 19413 | Lair:5   | Identified the +10 long sword of the Endless Expanse
                  | {speed, Will+ Int+4}
 20091 | Lair:5   | Found a corrupted altar of Lugonu.
 20091 | Lair:5   | Found a one-way gate to the infinite horrors of the Abyss.
 20195 | Lair:5   | Got the Excursus on Viperous Profane Rituals
 21093 | Lair:1   | Killed drugrobin's ghost
 21377 | Lair:1   | Got the ring of Vyoq {Fire Str-5 SInv Stlth+}
 21532 | D:11     | Found a transporter.
 21549 | D:11     | Noticed gdog's ghost (journeyman GnDe)
 21594 | D:11     | Found a transporter.
 21618 | D:11     | You fall into a shaft and drop 1 floor!
 21705 | D:12     | Reached ***** piety under Hepliaklqana
 21977 | D:11     | Killed Fannar
 22212 | D:11     | Found a glowing golden altar of the Shining One.
 22360 | D:12     | Reached skill level 5 in Conjurations
 22495 | D:12     | Found Ylaraf's General Store.
 22503 | D:12     | Bought a scroll of identify for 24 gold pieces
 22726 | D:13     | Reached skill level 1 in Hexes
 22738 | D:13     | HP: 1/113 [four-headed hydra (5)]
 22738 | D:13     | Mangled by a four-headed hydra

Illustrated notes

Levels and vault maps discovered:
D:1:      dpeg_arrival_concentric_ovals, layout_rooms, hex_tiny
D:2:      layout_loops_cross, serial_shops, nicolae_shop_stone, basic_altar,
          reono_crystal_passage
D:3:      layout_loops_ring, uniq_sigmund, uniq_ijyb, uniq_grinder,
          uniq_crazy_yiuf_cottage
D:4:      layout_cave_pools, kennysheep_okawaru_gauntlet,
          mainiacjoe_overflow_surrounded_room, minmay_temple_entry_nine_rooms
D:5:      layout_cave_pods, lemuel_doored_altar, uniq_duvessa
D:6:      layout_loops_ring, lemuel_coloured_pillars_altar, serial_shops, shop,
          nicolae_square_shop, nicolae_lakefront_shop,
          nicolae_inconvenience_store, minmay_hedge_maze, minmay_ogre_servants,
          uniq_edmund
D:7:      layout_loops_ring, lemuel_tele_altar,
          mainiacjoe_overflow_concentric_impassable, enter_ossuary_1,
          gammafunk_ghost_gnarly_gnolls, uniq_prince_ribbit1, uniq_menkaure
D:8:      layout_gridville, chequers_temple_overflow_statue_of_worship,
          serial_shops, nicolae_diamond_shop, guppyfry_shop_venom
D:9:      layout_basic, nicolae_overflow_crystal_walls, dpeg_lair_monsters,
          zombieorc1_lemuel
D:10:     gammafunk_boulding_lane, layout_gridville, vehumet_altar_wand_db,
          nicolae_hepliaklqana_hippocampus, chequers_arboretum
D:11:     layout_cave_pools, nzn_ghost_randoct, nicolae_tso_carved_into_rock,
          uniq_fannar
D:12:     layout_roguey, serial_shops, nicolae_square_shop
D:13:     layout_cave_pools, serial_shops, shop, minmay_misc_feat_rugged
Temple:   nicolae_temple_ecumenical_triangle
Lair:1:   layout_chaotic_city, gammafunk_ghost_icy, serial_bayou_shore_b
Lair:2:   layout_cave_shapes, palyth_hydra_swamp_entry, spider_nest_entry_webs,
          infiniplex_staircase_pool
Lair:3:   layout_cave_shapes, gammafunk_ghost_arena, st_stairs_7,
          chequers_serial_rivers_small_b, nzn_sisyphean_effort
Lair:4:   layout_loops_ring, nicolae_slime_entry_slimehenge,
          serial_bayou_shore_b, serial_bayou_shore_a
Lair:5:   hellmonk_lair_end_abyssal_woods, layout_cave_pods, minivault_23,
          minivault_26, dreamdust_gnoll_shepherd, grunt_megastairs_3,
          serial_bayou_shore_b

Skill      XL: |  1  2  3  4  5  6  7  8  9 10 11 12 13 14 |
---------------+-------------------------------------------+-----
Fighting       | 2 3 4 5 7 8 9 12 | 12.0
Transmutations | 3 4 5 6 7 8 9 |  9.1
Long Blades    | 2 3 5 7 8 |  8.0
Spellcasting   | 5 |  5.0
Dodging        | 3 6 7 |  7.0
Ice Magic      | 3 6 7 9 |  9.0
Evocations     | 3 6 7 8 9 |  9.0
Unarmed Combat | 6 7 10 12 | 12.0
Shields        | 4 |  4.5
Invocations    | 5 6 |  6.1
Conjurations   | 5 |  5.0
Hexes          | 1 |  1.2

Action                   |  1- 3 |  4- 6 |  7- 9 | 10-12 | 13-15 || total
-------------------------+-------+-------+-------+-------+-------++-------
Melee: Trident           |   131 |    47 |       |       |       ||   178
       Kick              |    11 |    12 |    49 |    77 |    60 ||   209
       Unarmed           |     3 |       |       |       |    51 ||    54
       Tailslap          |    12 |     6 |    28 |    57 |    72 ||   175
       Headbutt          |     8 |     6 |    32 |    55 |    30 ||   131
       Punch             |     3 |     1 |     6 |       |       ||    10
       Scimitar          |       |    17 |   279 |   392 |   413 ||  1101
       Long sword        |       |       |       |       |     3 ||     3
 Fire: Sling             |       |       |    29 |    20 |       ||    49
 Cast: Beastly Appendage |    18 |    10 |    30 |    30 |    13 ||   101
       Wereblood         |     1 |     3 |    15 |    17 |    11 ||    47
       Ice Form          |       |       |       |       |     2 ||     2
Invok: Ancestor Life: Ba |       |       |       |     1 |       ||     1
       Ancestor Identity |       |       |       |     1 |       ||     1
       Recall Ancestor   |       |       |       |       |     1 ||     1
Evoke: Wand              |       |       |       |     2 |     2 ||     4
  Use: Scroll            |       |       |    11 |    10 |     6 ||    27
       Potion            |       |       |     3 |     4 |     2 ||     9
 Stab: Sleeping          |     2 |       |     1 |     1 |       ||     4
       Invisible         |       |       |       |     2 |       ||     2
       Distracted        |       |       |       |     1 |     8 ||     9
Armor: Skin              |    43 |    19 |    86 |    49 |   109 ||   306
Dodge: Dodged            |   109 |    51 |   222 |   378 |   566 ||  1326
Block: Buckler           |       |       |    24 |    69 |   100 ||   193

Table legend: (Time is in decaauts)
 A = Elapsed time spent in this place.
 B = Non-inter-level travel time spent in this place.
 C = Inter-level travel time spent in this place.
 D = Time resting spent in this place.
 E = Time spent auto-exploring this place.
 F = Levels seen in this place.
 G = Mean time per level.
                   A        B        C        D        E       F      G
               +--------+--------+--------+--------+--------+-----+--------+
         Total |  22891 |  21865 |   1026 |   5831 |  11652 |  20 | 1144.6 |
       Dungeon |  13244 |  12703 |    541 |   3046 |   6857 |  13 | 1018.8 |
        Temple |     41 |     36 |      5 |      0 |     33 |   1 |   41.0 |
          Lair |   9334 |   8854 |    480 |   2785 |   4762 |   5 | 1866.8 |
       Ossuary |    270 |    270 |      0 |      0 |      0 |   1 |  270.0 |
               +--------+--------+--------+--------+--------+-----+--------+

Top non-repeatable levels by time:
  Lair:5: 3009 daAuts
  Lair:2: 2082 daAuts
     D:9: 1945 daAuts
  Lair:1: 1837 daAuts
     D:7: 1679 daAuts
    D:10: 1526 daAuts
  Lair:3: 1455 daAuts
     D:6: 1181 daAuts
     D:8: 1132 daAuts
     D:2: 1074 daAuts
  Lair:4: 950 daAuts
     D:1: 924 daAuts
     D:3: 923 daAuts
     D:5: 877 daAuts
     D:4: 757 daAuts
